 Dungeon Crawl Stone Soup version 0.30.0-30-g96aa6591b8 (webtiles) character file.

Game seed: 2704303521398618914

107 Pepete the Shield-Bearer (level 5, 0/39 (41) HPs)
             Began as a Formicid Fighter on June 28, 2023.
             Slain by a water moccasin (1 damage)
             ... on level 3 of the Dungeon.
             The game lasted 00:02:35 (1232 turns).

Pepete the Shield-Bearer (Formicid Fighter)         Turns: 1232, Time: 00:02:35

HP:   0/39 (41)     AC:  5    Str: 22    XL:     5   Next: 10%
MP:   5/5           EV:  8    Int:  8    God:
Gold: 76            SH:  5    Dex: 13    Spells: 4/4 levels left

rFire   . . .        a - +0 war axe
rCold   . . .        c - +0 buckler
rNeg    . . .        j - +0 chain mail
rPois   .            (helmet unavailable)
rElec   .            (no cloak)
rCorr   .            (no gloves)
SInv    +            (no boots)
Will    .....        (no amulet) Stlth
                     (no ring)
HPRegen 0.26/turn    (no ring)
MPRegen 0.09/turn

%: no passive effects
@: mighty, lightly drained
A: permanent stasis, dig shafts and tunnels, antennae 3, four strong arms,
deformed body
a: Dig, Shaft Self


You were on level 3 of the Dungeon.
You visited 1 branch of the dungeon, and saw 3 of its levels.

You collected 76 gold pieces.

Inventory:

Hand Weapons
 a - a +0 war axe (weapon)
Armour
 c - a +0 buckler (worn)
 j - a +0 chain mail (worn)
Jewellery
 g - an amulet of reflection
 q - a ring of ice
Scrolls
 e - 3 scrolls of identify {unknown}
 f - a scroll of enchant weapon {unknown}
 m - a scroll of vulnerability {unknown}
 n - a scroll of butterflies {unknown}
 o - a scroll of magic mapping {unknown}
 p - a scroll of noise {unknown}
Potions
 d - a potion of might
 k - a potion of lignification {unknown}
 l - a potion of attraction {unknown}


   Skills:
 + Level 3.6 Fighting
 * Level 3.3 Axes
 * Level 4.1 Armour
 * Level 5.0 Shields


You had 4 spell levels left.
You didn't know any spells.
Your spell library contained the following spells:

 Spells                   Type           Power      Damage    Failure   Level
 Apportation              Tloc           0%         N/A       97%         1
 Necrotise                Necr           0%         1d4       97%         1
 Sandblast                Erth           0%         2d4       97%         1
 Summon Small Mammal      Summ           0%         N/A       97%         1
 Passwall                 Tmut/Erth      0%         N/A       99%         2
 Stone Arrow              Conj/Erth      0%         3d7       100%        3
 Conjure Ball Lightning   Conj/Air       0%         3x3d6     100%        6
 Discord                  Hex            0%         N/A       100%        8
 Disjunction              Tloc           0%         N/A       100%        8


Dungeon Overview and Level Annotations

Branches:
Dungeon (3/15)

Altars:


Innate Abilities, Weirdness & Mutations

You cannot be hasted, slowed, berserked, paralysed or teleported.
You can dig through walls and to a lower floor.
You have a pair of large antennae on your head. (SInv)
Your four strong arms can wield two-handed weapons with a shield.
Armour fits poorly on your strangely shaped body.


Message History

You closely miss the water moccasin. You hit the kobold.
You kill the kobold!
The water moccasin barely misses you. The water moccasin bites you.
You slash the water moccasin!
The water moccasin is heavily wounded.
The water moccasin bites you. x2
You closely miss the water moccasin.
The water moccasin is heavily wounded.
The water moccasin bites you.
* * * LOW HITPOINT WARNING * * *
A kobold comes into view. It is wielding a +0 short sword.
The water moccasin bites you.
* * * LOW HITPOINT WARNING * * *
You miss the water moccasin.
The water moccasin is heavily wounded.
You block the water moccasin's attack. The water moccasin barely misses you.
You closely miss the water moccasin.
The water moccasin is heavily wounded.
The water moccasin bites you but does no damage.
The water moccasin barely misses you.
You miss the water moccasin.
The water moccasin is heavily wounded.
You block the water moccasin's attack. x2
You miss the water moccasin.
The water moccasin is heavily wounded.
The water moccasin bites you!
* * * LOW HITPOINT WARNING * * *
The water moccasin bites you.
* * * LOW HITPOINT WARNING * * *
You barely miss the water moccasin.
The water moccasin is heavily wounded.
You slash the kobold!
You kill the kobold!
The water moccasin bites you.
* * * LOW HITPOINT WARNING * * *
The water moccasin closely misses you.
You slash the water moccasin!
The water moccasin is severely wounded.
The water moccasin bites you.
You die...

## .. #. #. #####..
#.####.#########...#.#
#.>..?$...........#.#
#.###..@########...#.#
......#S)..........#.#
....#..<.########.)#.#
###........ . #..#.#
#.......###. #....#
#.........#.###..#####
.>.....................
#.#................)....
...............#.†.#....


You could see a water moccasin.

Vanquished Creatures
  Terence (D:3)
  4 adders
  3 dart slugs
  8 bats
  4 endoplasms
  A giant cockroach (D:3)
  4 hobgoblins
  4 kobolds
  3 ball pythons (D:1)
  2 frilled lizards
  5 goblins
  2 rats (D:1)
41 creatures vanquished.

Notes
Turn   | Place    | Note
-------+----------+-------------------------------------------
     0 | D:1      | Pepete the Formicid Fighter began the quest for the Orb.
     0 | D:1      | Reached XP level 1. HP: 18/18 MP: 1/1
   145 | D:1      | Reached XP level 2. HP: 22/24 MP: 2/2
   448 | D:1      | Reached XP level 3. HP: 29/29 MP: 3/3
   776 | D:2      | Reached XP level 4. HP: 35/35 MP: 4/4
  1160 | D:3      | Noticed Terence
  1173 | D:3      | Killed Terence
  1174 | D:3      | Reached skill level 5 in Shields
  1174 | D:3      | Reached XP level 5. HP: 36/41 MP: 5/5
  1211 | D:3      | Noticed a water moccasin
  1221 | D:3      | Gained mutation: Armour fits poorly on your strangely
                  | shaped body. [potion of mutation]
  1231 | D:3      | HP: 1/39 [water moccasin (1)]
  1232 | D:3      | Slain by a water moccasin

Illustrated notes

Levels and vault maps discovered:
D:1:      mrwooster_arrival_statue_3, layout_loops_ring
D:2:      layout_rooms
D:3:      layout_loops_ring, shapermc_ecumenical_altar_rom_forum, uniq_terence

Skill      XL: |  1  2  3  4 |
---------------+-------------+-----
Axes           | 3 |  3.3
Armour         | 4 |  4.1
Shields        | 5 |  5.0
Fighting       | |  3.6

Action                     |  1- 3 |  4- 6 || total
---------------------------+-------+-------++-------
  Melee: War axe           |    70 |    66 ||   136
    Use: Potion            |       |     5 ||     5
 Armour: Scale mail        |    24 |       ||    24
         Chain mail        |    22 |    41 ||    63
  Dodge: Dodged            |    31 |    39 ||    70
  Block: Buckler           |    21 |    18 ||    39
